 Dungeon Crawl Stone Soup version 0.19.5 (webtiles) character file.

1435 Gargoyl the Skirmisher (level 8, -11/68 (69) HPs)
             Began as a Ghoul Abyssal Knight on May 3, 2017.
             Was a Priest of Lugonu.
             Mangled by an orc warrior
             ... wielding a +4 mace of holy wrath
              (16 damage)
             ... on level 6 of the Dungeon.
             The game lasted 00:12:26 (5771 turns).

Gargoyl the Skirmisher (Ghoul Abyssal Knight)       Turns: 5771, Time: 00:12:27

HP:   -11/68 (69)   AC: 15    Str: 16    XL:     8   Next: 73%
MP:   4/10          EV:  5    Int:  7    God:    Lugonu [***...]
Gold: 265           SH:  6    Dex: 10    Spells: 0 memorised, 7 levels left

rFire  . . .     SeeInvis .     a - +1 hand axe
rCold  + . .     Gourm    .     j - +0 plate armour
rNeg   + + +     Faith    .     e - +2 buckler
rPois  ∞         Spirit   .     (no helmet)
rElec  .         Reflect  .     (no cloak)
rCorr  .         Harm     .     p - +1 pair of gloves
MR     .....                    g - +0 pair of boots
Stlth  ..........               (no amulet)
                                (no ring)
                                (no ring)

@: rotting
A: rotting body, claws 1, carnivore 3, cold resistance 1, negative energy
resistance 3, slow regeneration 1, torment resistance, unbreathing
a: Depart the Abyss, Bend Space, Banish, Renounce Religion


You were on level 6 of the Dungeon.
You worshipped Lugonu.
Lugonu was most pleased with you.
You were not hungry.

You visited 1 branch of the dungeon, and saw 6 of its levels.
You visited the Abyss 1 time.

You collected 265 gold pieces.

Inventory:

Hand Weapons
 a - a +1 hand axe (weapon)
Armour
 e - a +2 buckler (worn)
 g - a +0 pair of boots (worn)
 j - a +0 plate armour (worn)
 p - a +1 pair of gloves (worn)
Wands
 m - a wand of teleportation (1/9)
Scrolls
 i - 2 scrolls of identify
 n - a scroll of fear
 o - 4 scrolls of remove curse
 q - a scroll of teleportation
Potions
 b - a potion of magic {unknown}
 f - a potion of might {unknown}
 h - a potion of beneficial mutation
 k - a potion of flight
 r - 2 potions of degeneration {unknown}
 t - a potion of resistance {unknown}
 u - a potion of curing {unknown}
Comestibles
 c - 3 meat rations
 d - a beef jerky
 l - a royal jelly
 s - 5 chunks of flesh


   Skills:
 + Level 5.5 Fighting
 + Level 5.1 Axes
 * Level 5.1 Armour
 + Level 2.3 Dodging
 + Level 3.0 Shields
 * Level 4.8 Invocations


You had 7 spell levels left.
You didn't know any spells.

Dungeon Overview and Level Annotations

Branches:
Dungeon (6/15)             Temple (0/1) D:4

Altars:
Ashenzari
Dithmenos
Fedhas
The Shining One

Annotations:
Abyss:1 Pikel


Innate Abilities, Weirdness & Mutations

Your body is rotting away.
You thrive on raw meat.
You are immune to poison.
You have sharp fingernails.
You are carnivorous and can eat meat at any time.
Your flesh is cold resistant. (rC+)
You are immune to negative energy. (rN+++)
You regenerate slowly when monsters are visible.
You are immune to unholy pain and torment.
You can survive without breathing.


Message History

There isn't anything here!
You don't have enough magic at the moment.
The orc warrior hits you with a mace of holy wrath!
* * * LOW HITPOINT WARNING * * *
You convulse.
* * * LOW HITPOINT WARNING * * *
You feel your flesh rotting away.
You see here a bullfrog skeleton.
Press: ? - help, Shift-Dir - straight line, f - orc warrior
Aim: an orc warrior, wielding a mace of holy wrath and wearing a plate armour (lightly wounded, chance to defeat MR: 83%)
You fail to use your ability.
The orc warrior hits you with a mace of holy wrath!
* * * LOW HITPOINT WARNING * * *
You convulse.
* * * LOW HITPOINT WARNING * * *
Press: ? - help, Shift-Dir - straight line, f/p - orc warrior
Aim: an orc warrior, wielding a mace of holy wrath and wearing a plate armour (lightly wounded, chance to defeat MR: 83%)
You fail to use your ability.
The orc warrior hits you with a mace of holy wrath!
You die...

#############♣
#............♣
#.########...♣♣♣♣
#.#.............#
#######.#......<......#
#...oo@.########......#
#
#.######..........#.###
#. #÷# #.##########.#
#.. #o# #.# #.# ##.#
#.# #.# #.# #...# #.#
#.# #.# .....# #.# #.#
#.# .....§### #.# #.#
#.# .._.....###.# #.#
#.#


You could see an orc warrior and an orc.

Vanquished Creatures
  A water moccasin (D:3)
  An ice beast (D:5)
  A slave (D:5)
  A phantom (D:4)
  A centaur (D:5)
  The ghost of Tynka the Insei, an amateur OpTm (D:3)
  2 bullfrogs
  A scorpion (D:5)
  2 howler monkeys
  A quasit (D:5)
  2 hounds
  A bullfrog skeleton (D:6)
  2 centaur skeletons
  3 worker ants
  A hound skeleton (D:5)
  10 adders
  4 worms
  3 dart slugs
  3 leopard geckos
  7 orcs
  2 ball pythons
  6 giant cockroaches
  6 hobgoblins
  4 jackals
  5 quokkas
  12 bats
  10 frilled lizards
  7 goblins
  A jackal skeleton (D:4)
  9 kobolds
  2 leopard gecko skeletons (D:4)
  A quokka skeleton (D:4)
  6 rats
119 creatures vanquished.

Vanquished Creatures (others)
  Sigmund (D:5)
  2 slaves (D:5)
  A hound (D:5)
  2 orc priests (D:6)
6 creatures vanquished.

Grand Total: 125 creatures vanquished

Notes
Turn   | Place    | Note
-------+----------+-------------------------------------------
     0 | Abyss:1  | Gargoyl the Ghoul Abyssal Knight began the quest for the Orb.
     0 | Abyss:1  | Reached XP level 1. HP: 19/19 MP: 1/1
    72 | Abyss:1  | Noticed a thrashing horror
   145 | Abyss:1  | Found a corrupted altar of Lugonu.
   193 | Abyss:1  | Found a corrupted altar of Lugonu.
   266 | Abyss:1  | Noticed a wretched star
   267 | D:1      | Escaped the Abyss
   401 | D:1      | Reached * piety under Lugonu
   434 | D:1      | Reached XP level 2. HP: 26/26 MP: 2/2
   907 | D:1      | Reached skill level 1 in Dodging
  1085 | D:2      | Reached XP level 3. HP: 26/31 MP: 3/3
  1293 | D:2      | Reached ** piety under Lugonu
  1384 | D:2      | Found a shattered altar of Ashenzari.
  1696 | D:2      | Reached skill level 1 in Shields
  1696 | D:2      | Reached XP level 4. HP: 29/39 MP: 4/4
  1877 | D:2      | Found a glowing golden altar of the Shining One.
  2142 | D:3      | Noticed a water moccasin
  2609 | D:3      | Reached XP level 5. HP: 23/46 MP: 4/6
  3072 | D:3      | Reached XP level 6. HP: 46/52 MP: 7/7
  3189 | D:3      | Noticed Tynka's ghost (amateur OpTm)
  3503 | D:3      | Reached *** piety under Lugonu
  3689 | D:3      | Killed a water moccasin
  3689 | D:3      | Reached XP level 7. HP: 40/59 MP: 8/8
  3817 | D:3      | Killed Tynka's ghost
  4160 | D:4      | Found a staircase to the Ecumenical Temple.
  4395 | D:5      | Entered Level 5 of the Dungeon
  4438 | D:5      | Found a shadowy altar of Dithmenos.
  4629 | D:5      | Noticed Pikel
  4647 | D:5      | HP: 2/60 [Pikel/whip of electrocution (15)]
  4650 | D:5      | Banished Pikel
  4650 | D:5      | Reached XP level 8. HP: 1/67 MP: 10/10
  4676 | D:5      | Noticed Sigmund
  4697 | D:5      | Killed Sigmund
  4923 | D:5      | Reached skill level 5 in Fighting
  5320 | D:5      | Reached skill level 5 in Armour
  5721 | D:6      | Reached skill level 5 in Axes
  5738 | D:6      | Found a blossoming altar of Fedhas.
  5771 | D:6      | Mangled by an orc warrior

Skill      XL: |  1  2  3  4  5  6  7  8 |
---------------+-------------------------+-----
Armour         | 2 3 4 5 |  5.1
Dodging        | 1 2 |  2.3
Axes           | 2 3 4 5 |  5.1
Shields        | 1 2 3 |  3.0
Fighting       | 4 5 |  5.5
Invocations    | 3 4 |  4.8

Action                   |  1- 3 |  4- 6 |  7- 9 || total
-------------------------+-------+-------+-------++-------
Melee: Hand axe          |   160 |   268 |   296 ||   724
Invok: Depart the Abyss  |     1 |       |       ||     1
       Banish            |       |       |     3 ||     3
  Use: Scroll            |     1 |     6 |     3 ||    10
       Potion            |       |     7 |       ||     7
  Eat: Chunk             |    22 |    28 |    28 ||    78
Armor: Leather armour    |    80 |    71 |       ||   151
       Chain mail        |       |    45 |       ||    45
       Plate armour      |       |    27 |   209 ||   236
Dodge: Dodged            |   102 |   165 |    62 ||   329
Block: Buckler           |    61 |    90 |    85 ||   236
